 Dungeon Crawl Stone Soup version 0.30.1-11-g7821555f0a (webtiles) character file.

Game seed: 13358069353573839129

168 KittyFluff the Trooper (level 5, 0/49 HPs)
             Began as a Gargoyle Berserker on Nov 6, 2023.
             Was a Believer of Trog.
             Killed by nerve-wracking pain
             ... invoked by an orc priest
              (6 damage)
             ... on level 3 of the Dungeon.
             The game lasted 00:07:33 (2237 turns).

KittyFluff the Trooper (Gargoyle Berserker)         Turns: 2237, Time: 00:07:34

Health: 0/49       AC:  9    Str: 22    XL:     5   Next: 48%
Magic:  5/5        EV: 12    Int:  8    God:    Trog [**....]
Gold:   73         SH:  0    Dex: 13    Spells: 4/4 levels left

rFire   . . .        a - +0 mace
rCold   . . .        (no shield)
rNeg    + . .        f - +0 leather armour
rPois   ∞            (no helmet)
rElec   +            (no cloak)
rCorr   .            g - +1 pair of gloves "Foucal" {rPois Will- Dex+4}
SInv    .            (no boots)
Will    .....        (no amulet) Stlth
                     (no ring)
HPRegen 0.28/turn    (no ring)
MPRegen 0.09/turn

%: no passive effects
@: berserking, very quick
A: sickness immunity, AC +4, negative energy resistance 1, electricity
resistance, torment resistance 1, petrification resistance
a: Renounce Religion, Berserk, Trog's Hand


You were on level 3 of the Dungeon.
You worshipped Trog.
Trog was pleased with you.
You visited 1 branch of the dungeon, and saw 3 of its levels.

You collected 73 gold pieces.

Inventory:

Hand Weapons
 a - a +0 mace (weapon)
 i - a +0 sling
Armour
 f - a +0 leather armour (worn)
 g - the +1 pair of gloves "Foucal" (worn) {rPois Will- Dex+4}
   (You found it on level 2 of the Dungeon)

   Dex:       It affects your dexterity (+4).
   rPois:     It protects you from poison.
   Will:      It decreases your willpower.
 j - a +0 pair of gloves
Scrolls
 b - 2 scrolls of identify {unknown}
 d - a scroll of enchant armour {unknown}
 k - a scroll of silence {unknown}
 l - a scroll of teleportation {unknown}
Potions
 c - a potion of attraction {unknown}
 e - a potion of brilliance {unknown}
 h - a potion of curing {unknown}


   Skills:
 + Level 4.2 Fighting
 * Level 4.0 Maces & Flails
 * Level 3.5 Armour
 - Level 2.5 Dodging


You had 4 spell levels left.
You didn't know any spells.
Your spell library was empty.

Dungeon Overview and Level Annotations

Branches:
Dungeon (3/15)

Altars:
Cheibriados

Shops:
D:3 ?


Innate Abilities, Weirdness & Mutations

You are immune to sickness and miasma.
Your stone body is resilient. (AC +4)
You are immune to poison.
You resist negative energy. (rN+)
You are resistant to electric shocks. (rElec)
You are resistant to unholy torment.
You are immune to petrification.


Message History

You kill the orc!
Trog accepts your kill.
You hit the orc.
The orc is almost dead.
The orc barely misses you.
You hit the orc.
You kill the orc!
Trog accepts your kill.
You hit the orc priest but do no damage.
The orc priest mumbles some strange prayers to Beogh against you.
Pain shoots through your body!
You barely miss the orc priest.
The orc priest hits you with a +0 hand axe. x2
You hit the orc priest but do no damage.
The orc priest looks encouraged for a moment.
You barely miss the orc priest.
The orc priest looks satisfied for a moment.
You hit the orc priest.
The orc priest is lightly wounded.
The orc priest hits you with a +0 hand axe.
You closely miss the orc priest.
The orc priest is lightly wounded.
The orc priest invokes the aid of Beogh against you.
Beogh smites you!
* * * LOW HITPOINT WARNING * * *
You hit the orc priest but do no damage.
The orc priest is lightly wounded.
The orc priest hits you with a +0 hand axe.
* * * LOW HITPOINT WARNING * * *
The orc priest closely misses you.
A red film seems to cover your vision as you go berserk!
You feel yourself moving faster!
You feel mighty!
The orc priest hits you but does no damage.
You hit the orc priest.
The orc priest is lightly wounded.
You hit the orc priest.
The orc priest is heavily wounded.
The orc priest mumbles some strange prayers to Beogh against you.
Pain shoots through your body!
You die...

#.........#
#.....
#.#########
#..... #.#
#..... #.#
#####. #.#
## #†# . #
#.# >. #.#
... #@#
.... #o#
.....
#)###......
#..........
#......o...
#..........
##.........
####.....o
......


You could see an orc priest.

Vanquished Creatures
  Natasha (twice) (D:2)
  5 adders
  A dart slug (D:2)
  2 orcs (D:3)
  3 giant cockroaches (D:1)
  7 goblins
  9 hobgoblins
  4 jackals (D:2)
  3 kobolds
  5 quokkas
  5 ball pythons
  10 bats
  3 frilled lizards
  6 rats
65 creatures vanquished.

Notes
Turn   | Place    | Note
-------+----------+-------------------------------------------
     0 | D:1      | KittyFluff the Gargoyle Berserker began the quest for the
                  | Orb.
     0 | D:1      | Reached XP level 1. HP: 14/14 MP: 1/1
   371 | D:1      | Reached XP level 2. HP: 19/19 MP: 2/2
   761 | D:1      | Reached XP level 3. HP: 23/23 MP: 3/3
   820 | D:1      | Reached ** piety under Trog
   917 | D:1      | Found a faded altar of an unknown god.
  1062 | D:2      | Identified the +1 pair of gloves "Foucal" {rPois Will-
                  | Dex+4}
  1239 | D:2      | Noticed Natasha
  1243 | D:2      | Killed Natasha
  1244 | D:2      | Reached XP level 4. HP: 29/29 MP: 4/4
  1615 | D:2      | Noticed Natasha
  1620 | D:2      | Killed Natasha
  1621 | D:2      | Reached XP level 5. HP: 21/33 MP: 5/5
  2060 | D:3      | Found a snail-covered altar of Cheibriados.
  2116 | D:3      | Found Yhiseq Vupre's Magic Scroll Emporium.
  2237 | D:3      | Killed from afar by an orc priest

Illustrated notes

Levels and vault maps discovered:
D:1:      grunt_arrival_lava_bath, layout_basic,
          hellmonk_ecumenical_altar_leap_of_faith, minmay_pentomino_t2
D:2:      layout_basic, uniq_natasha
D:3:      layout_basic, kennysheep_slug_shrine, serial_shops,
          nicolae_shop_window_shopping

Skill      XL: |  1  2  3  4  5 |
---------------+----------------+-----
Dodging        | 2 |  2.5
Armour         | 3 |  3.5
Fighting       | 4 |  4.2
Maces & Flails | 4 |  4.0

Action                     |  1- 3 |  4- 6 || total
---------------------------+-------+-------++-------
  Melee: Mace              |    96 |   111 ||   207
         Punch             |       |     1 ||     1
 Invoke: Berserk           |       |     1 ||     1
 Armour: Animal skin       |    12 |       ||    12
         Leather armour    |    30 |    60 ||    90
  Dodge: Dodged            |    70 |    78 ||   148
